 Dungeon Sprint DCSS version 0.31-a0-1612-g4aaf141004 (webtiles) character file.

Game seed: 4067322734211780517

1081 fozzywoppz the Basher (level 8, -3/80 HPs)
             Began as a Minotaur Fighter on Jan 9, 2024.
             Slain by a hornet (4 damage)
             ... in the Dungeon (Sprint II: "The Violet Keep of Menkaure").
             The game lasted 00:03:07 (507 turns).

fozzywoppz the Basher (Minotaur Fighter)             Turns: 507, Time: 00:03:07

Health: -3/80      AC:  8    Str: 22    XL:     8   Next: 8%
Magic:  7/7        EV: 12    Int:  3    God:
Gold:   972        SH:  6    Dex: 13    Spells: 7/7 levels left

rFire   . . .        a - +0 flail
rCold   . . .        c - +0 buckler
rNeg    . . .        b - +0 scale mail
rPois   .            (helmet restricted)
rElec   .            (no cloak)
rCorr   .            (no gloves)
SInv    .            (no boots)
Will    .....        (no amulet)
Stlth   +            (no ring)
HPRegen 0.33/turn    (no ring)
MPRegen 0.10/turn

%: no teleportation
@: hasted and slowed
A: horns 2, retaliatory headbutt, thin skeletal structure 1, dopey 1, persistent
drain
a: no special abilities


You were in the Dungeon.
You visited 1 branch You collected 972 gold pieces.

Inventory:

Hand Weapons
 a - a +0 flail (weapon)
Armour
 b - a +0 scale mail (worn)
 c - a +0 buckler (worn)
Potions
 e - a potion of curing
 h - 2 potions of magic


   Skills:
 + Level 10.5 Fighting
 - Level 14.0 Maces & Flails
 + Level 8.5 Armour
 + Level 6.0 Dodging
 + Level 8.5 Shields


You had 7 spell levels left.
You didn't know any spells.
Your spell library was empty.

Dungeon Overview and Level Annotations

Branches:
Dungeon (1/1)

Altars:
Cheibriados
Dithmenos
Elyvilon
Fedhas
Gozag
Hepliaklqana
Kikubaaqudgha
Makhleb
Nemelex Xobeh
Okawaru
Qazlal
Ru
Sif Muna
Trog
Uskayaw
Vehumet
Wu Jian
Xom
Yredelemnul
Zin
The Shining One
Jiyva
Lugonu

Annotations:
D Roxanne


Innate Abilities, Weirdness & Mutations

You have a pair of horns on your head.
You reflexively headbutt those who attack you in melee.
You have a somewhat thin skeletal structure. (Dex +2, Stealth+)
You are dopey. (Int -2)
Your health recovers twice as slowly from being drained.


Message History

Press: ? - help, Dir - move target Splash!
You fall into the shallow water.
Moving in this stuff is going to be slow.
As you read the scroll of blinking, it crumbles to dust.
As you close the door, it creaks loudly!
A yaktaur opens the door.
The hornet fails to trigger a net trap.
The yaktaur wields a +0 arbalest.
The yaktaur shoots a bolt.
The bolt hits you!!
* * * LOW HITPOINT WARNING * * *
Unknown command.
Okay, then.
You feel much better.
The walls and floor vibrate strangely for a moment.
The hornet fails to trigger a net trap.
You feel yourself speed up.
The yaktaur shoots a bolt.
The bolt misses you. The hornet stings you.
You feel yourself slow down. The hornet attacks as it pursues you!
The hornet stings you!
* * * LOW HITPOINT WARNING * * *
You feel as though you will be slow longer.
The polar bear fails to trigger a net trap. x2
The hornet stings you!
* * * LOW HITPOINT WARNING * * *
You feel as though you will be slow longer.
You bludgeon the hornet!!
The hornet is heavily wounded.
The hornet closely misses you.
You closely miss the hornet.
The hornet is heavily wounded.
The hornet stings you but does no damage.
You closely miss the hornet.
The hornet is heavily wounded.
The hornet stings you!
* * * LOW HITPOINT WARNING * * *
You feel as though you will be slow longer.
You miss the hornet.
The hornet is heavily wounded.
The hornet stings you.
You die...

§.§ 8.~ ##++# .~ #≈...### ~~
≈.^...# #+++ #^...# ... +....#
##+## #@# ##.#.##.#### +y###
#..#..# ...# #h..# ####†#
###..## ##c.# .# $$?
.###†###.##..# +.h# .#▓???[?
..##.##.#.#..# #..# .#▓)(?$?)
#.')<.'##.'..####..##.#▓([$$!![
..##.###..#....###.^.##▓▓▓▓▓▓▓+
.###'# #.##......~~~~~~~~~~~~~


You could see 2 polar bears, a yaktaur and a hornet.

Vanquished Creatures
  A merfolk siren (D)
  4 neqoxecs (D)
  4 scorpions (D)
  3 ribbon worms (D)
12 creatures vanquished.

Vanquished Creatures (others)
  A crocodile (D)
1 creature vanquished.

Grand Total: 13 creatures vanquished

Notes
Turn   | Place    | Note
-------+----------+-------------------------------------------
     0 | D        | fozzywoppz the Minotaur Fighter began the quest for the
                  | Orb.
     0 | D        | Reached XP level 1. HP: 19/19 MP: 0/0
     1 | D        | Noticed a merfolk siren
    10 | D        | HP: 1/28 [merfolk siren/+0 trident (15)]
    11 | D        | Killed a merfolk siren
    12 | D        | Reached skill level 13 in Maces & Flails
    12 | D        | Reached skill level 5 in Armour
    12 | D        | Reached skill level 5 in Shields
    12 | D        | Reached XP level 2. HP: 3/35 MP: 1/1
    12 | D        | Reached XP level 3. HP: 4/40 MP: 2/2
    12 | D        | Reached XP level 4. HP: 5/48 MP: 3/3
    12 | D        | Reached XP level 5. HP: 5/53 MP: 4/4
    12 | D        | Reached XP level 6. HP: 6/61 MP: 5/5
   215 | D        | Noticed a neqoxec
   215 | D        | Noticed a neqoxec
   220 | D        | Killed a neqoxec
   220 | D        | Noticed a neqoxec
   221 | D        | Reached skill level 14 in Maces & Flails
   222 | D        | Gained mutation: You have a somewhat thin skeletal
                  | structure. (Dex +2, Stealth+) [a neqoxec]
   224 | D        | Killed a neqoxec
   225 | D        | Reached XP level 7. HP: 62/70 MP: 4/6
   228 | D        | Killed a neqoxec
   232 | D        | Noticed a neqoxec
   238 | D        | Gained mutation: You have hidden genetic defects. [a
                  | neqoxec]
   239 | D        | Killed a neqoxec
   240 | D        | Reached skill level 10 in Fighting
   240 | D        | Reached skill level 5 in Dodging
   249 | D        | Gained mutation: You are dopey. (Int -2) [hidden defects]
   365 | D        | Reached XP level 8. HP: 58/80 MP: 7/7
   377 | D        | Gained mutation: Your health recovers twice as slowly from
                  | being drained. [hidden defects]
   377 | D        | Lost mutation: You have hidden genetic defects. [hidden
                  | defects expressed]
   445 | D        | Noticed Roxanne
   471 | D        | Found a glowing golden altar of the Shining One.
   471 | D        | Found an ornate altar of the Wu Jian Council.
   471 | D        | Found a stormy altar of Qazlal.
   472 | D        | Found a shimmering altar of Xom.
   472 | D        | Found a sacrificial altar of Ru.
   473 | D        | Found a basalt altar of Yredelemnul.
   473 | D        | Found a shimmering blue altar of Sif Muna.
   473 | D        | Found a viscous altar of Jiyva.
   474 | D        | Found a glowing silver altar of Zin.
   474 | D        | Found a bloodstained altar of Trog.
   474 | D        | Found an ancient bone altar of Kikubaaqudgha.
   475 | D        | Found a hide-covered altar of Uskayaw.
   475 | D        | Found a corrupted altar of Lugonu.
   475 | D        | Found a shadowy altar of Dithmenos.
   476 | D        | Found a radiant altar of Vehumet.
   476 | D        | Found a burning altar of Makhleb.
   476 | D        | Found a white marble altar of Elyvilon.
   477 | D        | Found a sparkling altar of Nemelex Xobeh.
   477 | D        | Found a blossoming altar of Fedhas.
   479 | D        | Found an iron altar of Okawaru.
   479 | D        | Found an opulent altar of Gozag.
   479 | D        | Found a hazy altar of Hepliaklqana.
   479 | D        | Found a snail-covered altar of Cheibriados.
   479 | D        | Noticed a hornet
   479 | D        | Noticed a polar bear
   479 | D        | Noticed a polar bear
   479 | D        | Noticed a polar bear
   479 | D        | Noticed a yaktaur
   506 | D        | HP: 1/80 [hornet (14)]
   507 | D        | Slain by a hornet

Illustrated notes

Levels and vault maps discovered:
D:        the_violet_keep_of_menkaure [sprint2_stairs_cluster_1,
          sprint2_shoproom, sprint2_temple, sprint2_basic_supplies,
          sprint2_obstacle_7, sprint2_obstacle_3, sprint2_obstacle_6,
          sprint2_obstacle_4, sprint2_obstacle_1, sprint2_timed_cluster_1,
          sprint2_smallroom_cluster_1, sprint2_smallroom_final_cluster_1,
          sprint2_transparent_cluster_1, sprint2_second_timed_cluster_1,
          sprint2_sniper_area_1, sprint2_heavy_combat_area_1,
          sprint2_mutation_trap_area_1, sprint2_forest_area_1,
          sprint2_light_combat_area_1, sprint2_behind_water_1,
          sprint2_near_end_vault_1]

Skill      XL: |  1  2  3  4  5  6  7  8 |
---------------+-------------------------+-----
Fighting       | 8 9 10 | 10.5
Maces & Flails | 13 14 | 14.0
Armour         | 5 6 8 |  8.5
Shields        | 5 6 8 |  8.5
Dodging        | 3 5 6 |  6.0

Action                     |  1- 3 |  4- 6 |  7- 9 || total
---------------------------+-------+-------+-------++-------
  Melee: Flail             |     6 |    13 |    30 ||    49
         Headbutt          |       |     4 |     3 ||     7
    Use: Potion            |     1 |     1 |     2 ||     4
         Scroll            |       |       |     1 ||     1
   Stab: Sleeping          |       |       |     1 ||     1
 Armour: Scale mail        |     3 |     2 |    35 ||    40
  Dodge: Dodged            |     1 |     1 |    13 ||    15
  Block: Buckler           |     1 |     3 |     7 ||    11

Table legend: (Time is in decaauts)
 A = Elapsed time spent in this place.
 B = Non-inter-level travel time spent in this place.
 C = Inter-level travel time spent in this place.
 D = Time resting spent in this place.
 E = Time spent auto-exploring this place.
 F = Levels seen in this place.
 G = Mean time per level.
                   A        B        C        D        E       F      G
               +--------+--------+--------+--------+--------+-----+--------+
         Total |    511 |    511 |      0 |    359 |      0 |   1 |  511.0 |
       Dungeon |    511 |    511 |      0 |    359 |      0 |   1 |  511.0 |
               +--------+--------+--------+--------+--------+-----+--------+

Top non-repeatable levels by time:
       D: 511 daAuts
